Tiger domination

Match 21496632
End
Royal Engineer Section
Construct Section Command Post
Dingo Light Scout Car
Infantry Section
Infantry Section
Infantry Section
Selects Air and Sea Battlegroup
Selects Commando Section Paradrop
Construct Field Infirmary
Construct Platoon Command Post
Unlock M3 Stuart Light Tanks
Selects Supply Surplus
Construct Resource Cache
M3 Stuart Light Tank
6-pounder Anti-tank Gun Team
M3 Stuart Light Tank
Commando Section Paradrop
Selects Centaur Medium Tank
Centaur Medium Tank
Selects Assault Flares
Assault Flares
Centaur Medium Tank
Construct Resource Cache
Construct Resource Cache
CMP 15cwt Truck
Selects M1 Pack Howitzer Paradrop
Selects Incendiary Bombing Run
Construct Company Command Post
Matilda II Heavy Tank
Crusader II Medium Tank
Crusader II Medium Tank
Armored Vehicle Training
Assault Flares
Crusader II Medium Tank
Grenade Package
Crusader II Medium Tank
Assault Flares
DanielD
Twister
I'm that #B!tch
PuliPutia
0
0

Comments sign in to comment!

No comments posted yet!